 Dungeon Crawl Stone Soup version 0.29.1-13-g9f3cf754e1 (webtiles) character file.

Game seed: 1252172407545798031

971 Hercules1031 the Agent of Entropy (level 7, -13/56 HPs)
             Began as a Demonspawn Abyssal Knight on Jan 19, 2023.
             Was a Priest of Lugonu.
             Mangled by Edmund
             ... wielding a +3 flail of distortion
              (17 damage)
             ... on level 5 of the Dungeon.
             The game lasted 00:09:21 (4575 turns).

Hercules1031 the Agent of Entropy (DsAK)            Turns: 4575, Time: 00:09:21

Health: -13/56     AC: 11    Str: 16    XL:     7   Next: 94%
Magic:  11/11      EV:  8    Int: 11    God:    Lugonu [***...]
Gold:   361        SH:  0    Dex: 13    Spells: 6/6 levels left

rFire   . . .      SeeInvis .   a - +1 hand axe
rCold   + . .      Faith    .   (no shield)
rNeg    . . .      Spirit   .   p - +0 chain mail {rC+}
rPois   .          Reflect  .   (helmet restricted)
rElec   .          Harm     .   (no cloak)
rCorr   .          Rampage  .   v - +0 pair of gloves
Will    .....                   d - +0 pair of boots
Stlth   ..........              y - amulet of regeneration
HPRegen 0.98/turn               (no ring)
MPRegen 0.12/turn               (no ring)

@: no status effects
A: claws 1, horns 1, weakness stinger 1
a: Renounce Religion, Depart the Abyss, Bend Space, Banish


You were on level 5 of the Dungeon.
You worshipped Lugonu.
Lugonu was most pleased with you.
You visited 1 branch of the dungeon, and saw 5 of its levels.
You visited the Abyss 1 time.

You collected 361 gold pieces.

Inventory:

Hand Weapons
 a - a +1 hand axe (weapon)
Armour
 d - a +0 pair of boots (worn)
 p - a +0 chain mail of cold resistance (worn)
 q - the +0 helmet of Jodd {Slay+3}
   (You found it on level 2 of the Dungeon)

   Slay:      It affects your accuracy & damage with ranged weapons and melee
   (+3).
 v - a +0 pair of gloves (worn)
Jewellery
 u - an amulet of faith
 y - an amulet of regeneration (around neck)
Wands
 b - a wand of flame (15)
 z - a wand of digging (10)
Scrolls
 e - a scroll of enchant weapon {unknown}
 f - 2 scrolls of teleportation
 h - a scroll of vulnerability {unknown}
 i - a scroll of blinking {unknown}
 j - a scroll of amnesia {unknown}
 m - a scroll of acquirement {unknown}
Potions
 c - a potion of resistance {unknown}
 g - a potion of curing
 k - a potion of might
 l - a potion of heal wounds
 n - a potion of flight
 o - a potion of haste
 r - a potion of degeneration
 s - a potion of cancellation
 t - a potion of ambrosia
 w - a potion of lignification
 x - a potion of invisibility
 B - 2 potions of brilliance


   Skills:
 + Level 5.0 Fighting
 + Level 4.0 Axes
 + Level 4.0 Armour
 + Level 3.6 Dodging
 + Level 5.8 Invocations


You had 6 spell levels left.
You didn't know any spells.
Your spell library was empty.

Dungeon Overview and Level Annotations

Branches:
Dungeon (5/15)
 Temple: D:4-7

Altars:
Fedhas

Annotations:
D:5 2 transporters, Edmund, Prince Ribbit


Innate Abilities, Weirdness & Mutations

You have sharp fingernails.
You have a pair of small horns on your head.
You have a small tail.


Message History

Unknown command.
You open the door.
You see here a +0 sling.
There is an open door here.
Edmund the Younger comes into view.
He is wielding a +3 flail of distortion.
Edmund shouts!
Found a stone staircase leading down.
Found 12 gold pieces.
Edmund hits you with a +3 flail of distortion.
Space warps around you.
Unknown command.
You hit Edmund.
Edmund is lightly wounded.
Edmund hits you with a +3 flail of distortion.
Space warps horribly around you!
You hit Edmund.
Your tail-slap misses Edmund.
Edmund is lightly wounded.
Edmund drinks a potion.
Edmund seems to grow stronger.
You barely miss Edmund. You headbutt Edmund, but do no damage.
Edmund is lightly wounded.
Edmund hits you with a +3 flail of distortion!
You barely miss Edmund. You headbutt Edmund. You tail-slap Edmund.
Edmund is lightly wounded.
Edmund hits you but does no damage. Space warps around you.
* * * LOW HITPOINT WARNING * * *
You hit Edmund.
Edmund is moderately wounded.
Edmund hits you with a +3 flail of distortion.
* * * LOW HITPOINT WARNING * * *
You blink.
Found a white marble altar of Elyvilon.
Edmund hits you with a +3 flail of distortion!
* * * LOW HITPOINT WARNING * * *
You blink.
There is a stone staircase leading down here.
Prince Ribbit comes into view.
Edmund hits you with a +3 flail of distortion.
* * * LOW HITPOINT WARNING * * *
Space warps horribly around you!
You die...

########..## #.#
#.......#.# #.#
#.........# #.#
#.....).).# ####.###
#.........# #$..........
..........##
#....#######
#..........# #.^........
########.#.###..@.#.#.#.
#.#......@......F
#.###....>...⌠... #.#
#.#........._
#.....#......⌠... #####
####....... .#.#.#.
....... #######


You could see Edmund (strong) and Prince Ribbit (wandering).

Vanquished Creatures
  Grinder (D:5)
  Duvessa (D:5)
  An ice beast (D:5)
  A necrophage (D:5)
  3 scorpions
  Dowan (D:5)
  2 hounds
  An orc priest (D:5)
  2 iguanas
  An orc wizard (D:5)
  6 adders
  2 ufetubi
  3 worms
  2 dart slugs
  3 orcs
  2 ball pythons (D:1)
  10 endoplasms
  2 giant cockroaches
  5 goblins
  7 hobgoblins
  A quokka (D:5)
  3 bats
  2 frilled lizards (D:2)
  5 kobolds
  4 rats
71 creatures vanquished.

Notes
Turn   | Place    | Note
-------+----------+-------------------------------------------
     0 | Abyss:1  | Hercules1031 the Demonspawn Abyssal Knight began the quest
                  | for the Orb.
     0 | Abyss:1  | Reached XP level 1. HP: 18/18 MP: 2/2
    62 | Abyss:2  | Noticed a small abomination
    63 | Abyss:2  | Noticed a smoke demon
    65 | D:1      | Escaped the Abyss
   357 | D:1      | Reached skill level 1 in Dodging
   761 | D:1      | Discovered your monstrous ancestry.
   761 | D:1      | Gained mutation: You have sharp fingernails. [demonic
                  | ancestry]
   761 | D:1      | Reached XP level 2. HP: 21/24 MP: 4/4
   876 | D:1      | Found a faded altar of an unknown god.
  1787 | D:2      | Gained mutation: You have a small tail. [demonic ancestry]
  1787 | D:2      | Reached XP level 3. HP: 29/29 MP: 5/5
  1802 | D:2      | Identified the +0 helmet of Jodd {Slay+3}
  2383 | D:3      | Found a blossoming altar of Fedhas.
  2465 | D:3      | Reached XP level 4. HP: 35/35 MP: 6/6
  3291 | D:4      | Reached XP level 5. HP: 33/42 MP: 7/7
  3399 | D:4      | Reached *** piety under Lugonu
  3963 | D:5      | Entered Level 5 of the Dungeon
  3963 | D:5      | Found a transporter.
  3967 | D:5      | Noticed an ice beast
  3979 | D:5      | Killed an ice beast
  3980 | D:5      | Gained mutation: You have a pair of small horns on your
                  | head. [demonic ancestry]
  3980 | D:5      | Reached XP level 6. HP: 35/48 MP: 9/9
  4018 | D:5      | Found a transporter.
  4382 | D:5      | Noticed Dowan
  4382 | D:5      | Noticed Duvessa
  4398 | D:5      | Killed Duvessa
  4399 | D:5      | Reached skill level 5 in Invocations
  4399 | D:5      | Reached XP level 7. HP: 22/55 MP: 10/10
  4423 | D:5      | Killed Dowan
  4503 | D:5      | Noticed Grinder
  4517 | D:5      | Killed Grinder
  4518 | D:5      | Reached skill level 5 in Fighting
  4562 | D:5      | Noticed Edmund
  4575 | D:5      | Noticed Prince Ribbit
  4575 | D:5      | Mangled by Edmund

Illustrated notes

Levels and vault maps discovered:
D:1:      lemuel_arrival_lava_pool, layout_basic,
          dreamdust_ecumenical_altar_hidden_monk_grotto
D:2:      layout_loops_ring, minmay_tall_x
D:3:      layout_loops_ring, fedhas_altar_4
D:4:      layout_basic
D:5:      gammafunk_steamed_eel, layout_basic, elyvilon_altar_5,
          uniq_prince_ribbit1, uniq_duvessa, uniq_edmund, uniq_grinder

Skill      XL: |  1  2  3  4  5  6  7 |
---------------+----------------------+-----
Dodging        | 1 2 3 |  3.6
Axes           | 2 3 4 |  4.0
Armour         | 2 3 4 |  4.0
Invocations    | 3 4 5 |  5.8
Fighting       | 4 5 |  5.0

Action                   |  1- 3 |  4- 6 |  7- 9 || total
-------------------------+-------+-------+-------++-------
Melee: Hand axe          |    78 |   114 |    53 ||   245
       Punch             |     3 |     1 |     2 ||     6
       Tailslap          |     3 |    21 |     6 ||    30
       Headbutt          |       |    16 |    12 ||    28
Invok: Depart the Abyss  |     1 |       |       ||     1
  Use: Scroll            |       |    13 |     1 ||    14
Armor: Leather armour    |     7 |       |       ||     7
       Chain mail        |    20 |    67 |    30 ||   117
Dodge: Dodged            |    28 |    60 |    24 ||   112
